 Dungeon Crawl Stone Soup version 0.20-a0-1122-gb7cbeb9 (webtiles) character file.

3708 wolfsongas the Cleaver (level 9, -6/63 HPs)
             Began as a Demonspawn Fighter on May 15, 2017.
             Was an Initiate of Makhleb.
             Mangled by a green very ugly thing (16 damage)
             ... on level 4 of the Abyss.
             The game lasted 00:17:16 (3462 turns).

wolfsongas the Cleaver (Demonspawn Fighter)         Turns: 3462, Time: 00:17:17

Health: -6/63      AC: 21    Str: 20    XL:     9   Next: 91%
Magic:  7/7        EV:  7    Int: 10    God:    Makhleb [......]
Gold:   305        SH: 11    Dex: 14    Spells: 8/8 levels left

rFire    + + +     SeeInvis +   a - +14 obsidian axe {chop, +Fly SInv *Curse}
rCold    x . .     Gourm    .   c - +0 shield
rNeg     . . .     Faith    .   g - +1 fire dragon scales
rPois    +         Spirit   .   l - +0 helmet
rElec    .         Reflect  .   (no cloak)
rCorr    .         Harm     .   q - +2 pair of gloves
MR       .....     Rnd*Rage +   (no boots) Stlth ..........Rnd*Tele +
                                r - amulet "Epitoco" {+Rage rPois Str+2}
Regen    0.2/turn               o - +3 ring of protection
MPRegen  0.1/turn               w - ring of flight

@: mesmerised
A: talons 1, slimy green scales 3, [berserk 1], [blurry vision 1], fire
resistance 1, [low mp 2], powered by death 2, [teleportitis 2], no potion heal
1, [subdued magic 2]
a: Renounce Religion, Evoke Berserk Rage, Evoke Flight


You were on level 4 of the Abyss.
You worshipped Makhleb.
Makhleb was noncommittal.
You were full.

You visited 2 branches of the dungeon, and saw 8 of its levels.
You visited the Abyss 1 time.

You collected 305 gold pieces.

Inventory:

Hand Weapons
 a - the +14 obsidian axe (weapon) {chop, +Fly SInv *Curse}
   (You found it on level 5 of the Dungeon)

   It inflicts extra damage upon your enemies.
   It lets you see invisible.
   It lets you fly.
   It curses itself when equipped.
 u - a +5 club
 x - a +4 broad axe of chopping
Armour
 c - a +0 shield (worn)
 g - +1 fire dragon scales (worn)
 l - a +0 helmet (worn)
 q - a +2 pair of gloves (worn)
Jewellery
 j - an uncursed amulet of the gourmand
 o - a +3 ring of protection (left hand)
 r - the amulet "Epitoco" (around neck) {+Rage rPois Str+2}
   (You found it on level 4 of the Dungeon)

   [amulet of rage]

   It affects your strength (+2).
   It protects you from poison.
   It lets you go berserk.
 w - a ring of flight (right hand)
Wands
 s - a wand of iceblast (8/15)
Scrolls
 m - a scroll of identify
 p - a scroll of blinking
Potions
 e - 3 potions of flight
 k - a potion of agility
 t - 2 potions of ambrosia
Books
 d - a Young Poisoner's Handbook

   Spells                             Type                      Level
   a - Sting                          Conjuration/Poison           1
   b - Poisonous Vapours              Poison/Air                   2
   c - Mephitic Cloud                 Conjuration/Poison/Air       3
   d - Olgreb's Toxic Radiance        Poison                       4
   e - Venom Bolt                     Conjuration/Poison           5
Comestibles
 f - 4 bread rations
 h - 4 fruits
 i - 2 meat rations
 n - 3 royal jellies


   Skills:
 - Level 3.0 Fighting
 * Level 10.8 Axes
 - Level 2.6 Armour
 + Level 8.0 Shields


You had 8 spell levels left.
You didn't know any spells.

Dungeon Overview and Level Annotations

Branches:
Dungeon (7/15)             Temple (1/1) D:5

Altars:
Ashenzari
Cheibriados
Dithmenos
Elyvilon
Fedhas
Gozag
Hepliaklqana
Makhleb
Okawaru
Qazlal
Ru
Trog
Vehumet
Wu Jian
Xom

Shops:
D:5 !

Annotations:
D:5 exclusion: statue, Eustachio


Innate Abilities, Weirdness & Mutations

You are completely covered in slimy green scales. (AC +4, rPois)
Your flesh is heat resistant. (rF+)
You regenerate health from kills.
You have sharp toenails.
Potions are less effective at restoring your health.
[You tend to lose your temper in combat.]
[Scrolls take you a little longer to read.]
[Your magical capacity is very low. (-20% MP)]
[You are sometimes teleported next to monsters.]
[Your spells are easier to cast, but less powerful.]


Message History

The killer bee stings your soul eater.
The wretched star pulses with an eldritch light!
Your connection to magic feels subdued.
Your connection to magic feels more subdued.
Your ynoxinul twists and deforms.
You closely miss the meliai. You claw the meliai, but do no damage.
The meliai is moderately wounded.
Your shield prevents you from hitting the green very ugly thing.
You slash the wretched star!
Visions of slaying the meliai flood into your mind.
You hear a horrible gurgling sound!
The killer bee closely misses your soul eater.
The meliai hits you with a hand axe.
* * * LOW HITPOINT WARNING * * *
The meliai hits your ynoxinul with a hand axe!
The meliai hits your soul eater with a hand axe!
The meliai closely misses you.
The killer bee barely misses your soul eater.
The green very ugly thing punches you!
You die...

# #φ# ####
yy#.%
#*3#3.uy..
#y#@yy# #*
##u## #.


yy# . #yy. # #.## .. #.. #.# You could see 2 very ugly things, a wretched star,
a queen bee, 3 meliai, 5 killer bees, a friendly soul eater and a friendly
ynoxinul.

Vanquished Creatures
  A thrashing horror (Abyss:1)
  A wretched star (Abyss:1)
  A glowing orange brain (Abyss:3)
  2 worldbinders
  A smoke demon (Abyss:3)
  A meliai (Abyss:4)
  A centaur (D:5)
  A scorpion (D:5)
  A jelly (D:5)
  4 orc priests
  A bullfrog skeleton (D:6)
  An iron imp (Abyss:1)
  Crazy Yiuf (D:2)
  Ijyb (D:4)
  An iguana (D:5)
  2 worker ant zombies (D:5)
  Robin (D:4)
  3 adders
  An ufetubus (Abyss:1)
  An ooze (D:2)
  A worm (D:3)
  3 dart slugs
  3 leopard geckos
  5 orcs
  2 giant cockroaches
  7 hobgoblins
  10 jackals
  7 bats
  6 frilled lizards
  19 goblins
  A jackal zombie (D:5)
  4 kobolds
  A quokka skeleton (D:5)
  5 rats
  2 fungi (D:2)
103 creatures vanquished.

Vanquished Creatures (collateral kills)
  A large abomination (Abyss:3)
  A giant cockroach (D:5)
2 creatures vanquished.

Grand Total: 105 creatures vanquished

Notes
Turn   | Place    | Note
-------+----------+-------------------------------------------
     0 | D:1      | wolfsongas the Demonspawn Fighter began the quest for the Orb.
     0 | D:1      | Reached XP level 1. HP: 18/18 MP: 1/1
    47 | D:1      | Reached skill level 2 in Axes
   284 | D:1      | Gained mutation: You are partially covered in slimy green scales. (AC +2) [demonic ancestry]
   284 | D:1      | Reached XP level 2. HP: 24/24 MP: 2/2
   762 | D:2      | Found a shattered altar of Ashenzari.
   772 | D:2      | Reached skill level 3 in Axes
   772 | D:2      | Gained mutation: You are mostly covered in slimy green scales. (AC +3) [demonic ancestry]
   772 | D:2      | Reached XP level 3. HP: 27/29 MP: 3/3
   986 | D:2      | Gained mutation: Potions are less effective at restoring your health. [potion of mutation]
   986 | D:2      | Gained mutation: You have sharp toenails. [potion of mutation]
  1095 | D:2      | Found a runed door.
  1099 | D:2      | Noticed Crazy Yiuf
  1108 | D:2      | Killed Crazy Yiuf
  1108 | D:2      | Gained mutation: You regenerate a little health from kills. [demonic ancestry]
  1108 | D:2      | Reached XP level 4. HP: 27/35 MP: 4/4
  1736 | D:3      | Found a white marble altar of Elyvilon.
  2251 | D:4      | Noticed Ijyb
  2253 | D:4      | Reached skill level 4 in Axes
  2253 | D:4      | Gained mutation: You regenerate health from kills. [demonic ancestry]
  2253 | D:4      | Reached XP level 5. HP: 41/41 MP: 5/5
  2259 | D:4      | Killed Ijyb
  2275 | D:4      | Found an iron altar of Okawaru.
  2281 | D:4      | Got a brightly glowing jade amulet
  2283 | D:4      | Identified the amulet "Epitoco" {+Rage rPois Str+2} (You found it on level 4 of the Dungeon)
  2409 | D:4      | Noticed Robin
  2419 | D:4      | Killed Robin
  2533 | D:4      | You fall through a shaft for 3 floors!
  2558 | D:5      | Entered Level 5 of the Dungeon
  2564 | D:5      | Identified a scroll of acquirement
  2595 | D:5      | Noticed a centaur
  2602 | D:5      | Killed a centaur
  2602 | D:5      | Reached skill level 5 in Axes
  2602 | D:5      | Gained mutation: Your flesh is heat resistant. (rF+) [demonic ancestry]
  2602 | D:5      | Reached XP level 6. HP: 43/47 MP: 6/6
  2768 | D:5      | Reached XP level 7. HP: 46/52 MP: 7/7
  2912 | D:5      | Found a radiant altar of Vehumet.
  3028 | D:5      | Found Waeruni's Distillery.
  3054 | D:5      | Found a staircase to the Ecumenical Temple.
  3066 | Temple   | Entered the Ecumenical Temple
  3128 | Temple   | Became a worshipper of Makhleb the Destroyer
  3204 | D:5      | Noticed Eustachio
  3206 | D:5      | Cast into level 1 of the Abyss (Eustachio)
  3262 | Abyss:1  | Noticed a thrashing horror
  3265 | Abyss:1  | Noticed a wretched star
  3270 | Abyss:1  | Killed a thrashing horror
  3270 | Abyss:1  | Reached skill level 7 in Axes
  3270 | Abyss:1  | Reached skill level 5 in Shields
  3270 | Abyss:1  | Reached XP level 8. HP: 58/58 MP: 8/8
  3285 | Abyss:1  | Noticed a worldbinder
  3285 | Abyss:1  | Noticed a manticore
  3285 | Abyss:1  | Noticed a merfolk siren
  3286 | Abyss:1  | Noticed a merfolk siren
  3288 | Abyss:1  | Killed a wretched star
  3288 | Abyss:1  | Reached skill level 8 in Axes
  3289 | Abyss:1  | Noticed a manticore
  3289 | Abyss:1  | Noticed a manticore
  3289 | Abyss:1  | Noticed a merfolk siren
  3290 | Abyss:1  | Killed a worldbinder
  3290 | Abyss:1  | Reached skill level 9 in Axes
  3290 | Abyss:1  | Gained mutation: You are completely covered in slimy green scales. (AC +4, rPois) [demonic ancestry]
  3290 | Abyss:1  | Reached XP level 9. HP: 36/63 MP: 5/7
  3335 | Abyss:3  | Noticed a large abomination
  3344 | Abyss:3  | Killed a large abomination
  3376 | Abyss:3  | Noticed a glowing orange brain
  3380 | Abyss:3  | Killed a glowing orange brain
  3380 | Abyss:3  | Reached skill level 10 in Axes
  3419 | Abyss:3  | Noticed a smoke demon
  3427 | Abyss:3  | Killed a smoke demon
  3443 | Abyss:3  | Noticed a worldbinder
  3450 | Abyss:3  | Killed a worldbinder
  3457 | Abyss:4  | Noticed a wretched star
  3457 | Abyss:4  | Noticed a meliai
  3458 | Abyss:4  | Noticed a queen bee
  3458 | Abyss:4  | Noticed a meliai
  3458 | Abyss:4  | Noticed a meliai
  3458 | Abyss:4  | Noticed a green very ugly thing
  3458 | Abyss:4  | Noticed a meliai
  3458 | Abyss:4  | Noticed a green very ugly thing
  3459 | Abyss:4  | Noticed a meliai
  3461 | Abyss:4  | Killed a meliai
  3462 | Abyss:4  | Mangled by a green very ugly thing

Vault maps used:
D:1:      erik_arrival_cave_to_civilisation
D:2:      nicolae_overflow_crystal_walls, first_bread, uniq_crazy_yiuf_cottage
D:3:      elyvilon_altar_4
D:4:      cheibrodos_old_hovel, overflow_temple_1_default, uniq_robin, uniq_ijyb
D:5:      vehumet_statue, minmay_temple_entry_glassed_door, serial_shops, shop,
          uniq_eustachio
D:6:      lemuel_blue_sif_altar, serial_shops, shop
D:7:      lemuel_round_altar
Temple:   regret_index_temple_sphere_string
Abyss:4:  hangedman_abyss_feature_spike, minivault_27, minivault_19,
          grunt_abyss_rune_wretched_hive, hangedman_abyss_exit_choices

Skill      XL: |  1  2  3  4  5  6  7  8  9 |
---------------+----------------------------+-----
Axes           | 2 3 4 5 7 9 10 | 10.8
Shields        | 3 4 5 6 8 |  8.0
Fighting       | |  3.0
Armour         | |  2.6

Action                   |  1- 3 |  4- 6 |  7- 9 || total
-------------------------+-------+-------+-------++-------
Melee: War axe           |   132 |   108 |       ||   240
       Kick              |    12 |    25 |    11 ||    48
       Broad axe         |       |    15 |    40 ||    55
  Use: Scroll            |     9 |    11 |     2 ||    22
       Potion            |     4 |     5 |     3 ||    12
  Eat: Chunk             |    19 |     4 |       ||    23
Armor: Scale mail        |    10 |       |       ||    10
       Fire dragon scale |    77 |    91 |    20 ||   188
       Skin              |       |       |    23 ||    23
Dodge: Dodged            |    36 |    60 |    10 ||   106
Block: Shield            |    65 |    65 |    30 ||   160
